[ AOE2 MATCH · #475923015 ]
UnrankedMalay vs Koreans
[ REPLAY ANALYSIS · EXTRACTED FROM THE RECORDED GAME ]
Feudal
13:04
Castle
16:58
Imperial
27:52
| APM avg | 42.0 |
| APM peak | 96 |
| eAPM avg | 21.6 |
| Villagers / military | 106 / 219 |
Focus
⚔️ 36.5% · 🌾 63.5%
Battle Elephant ×125 · Fishing Ship ×51 · Spearman ×45 · Karambit Warrior ×24 · Bombard Cannon ×16 · Trebuchet (Packed) ×5
Feudal
14:57
Castle
20:43
Imperial
—
| APM avg | 26.4 |
| APM peak | 67 |
| eAPM avg | 14.1 |
| Villagers / military | 81 / 26 |
Focus
⚔️ 28.0% · 🌾 72.0%
War Wagon ×9 · Monk ×6 · Spearman ×5 · Petard ×3 · Iron Pagoda ×2 · Battering Ram ×1
Feudal
10:32
Castle
14:09
Imperial
36:03
| APM avg | 52.9 |
| APM peak | 114 |
| eAPM avg | 27.5 |
| Villagers / military | 150 / 188 |
Focus
⚔️ 40.6% · 🌾 59.4%
Knight ×164 · Cavalry Archer ×12 · Mangonel ×7 · Monk ×3 · Battering Ram ×2
Feudal
14:03
Castle
19:17
Imperial
35:45
| APM avg | 55.0 |
| APM peak | 122 |
| eAPM avg | 37.6 |
| Villagers / military | 184 / 219 |
Focus
⚔️ 25.8% · 🌾 74.2%
Magyar Huszar ×141 · Cavalry Archer ×68 · Fishing Ship ×12 · Mangonel ×7 · Trebuchet (Packed) ×2 · Battering Ram ×1
Feudal
10:35
Castle
19:34
Imperial
—
| APM avg | 36.3 |
| APM peak | 98 |
| eAPM avg | 15.8 |
| Villagers / military | 102 / 40 |
Focus
⚔️ 29.1% · 🌾 70.9%
Gbeto ×26 · Militia ×6 · Scorpion ×4 · Battering Ram ×4
Feudal
13:47
Castle
17:58
Imperial
31:15
| APM avg | 17.6 |
| APM peak | 62 |
| eAPM avg | 14.5 |
| Villagers / military | 139 / 66 |
Focus
⚔️ 18.3% · 🌾 81.7%
Scorpion ×34 · Mangonel ×14 · Mangudai ×14 · Fishing Ship ×14 · Trebuchet (Packed) ×4
Feudal
10:39
Castle
19:24
Imperial
34:43
| APM avg | 39.6 |
| APM peak | 76 |
| eAPM avg | 18.4 |
| Villagers / military | 110 / 168 |
Focus
⚔️ 27.9% · 🌾 72.1%
Cavalry Archer ×101 · Camel Scout ×56 · Fishing Ship ×13 · Scout Cavalry ×5 · Trebuchet (Packed) ×5 · Monk ×1
Feudal
10:53
Castle
16:09
Imperial
38:03
| APM avg | 26.8 |
| APM peak | 54 |
| eAPM avg | 20.3 |
| Villagers / military | 201 / 115 |
Focus
⚔️ 22.1% · 🌾 77.9%
War Elephant ×107 · Scorpion ×5 · Fishing Ship ×4 · Monk ×2 · Mangonel ×1
Match map
Initial resources + every placement click. Lines = walls · curves = elevation contours. ◆ gold · ⬟ stone · ● berries · ✦ relic · ◌ wall gap
Your base· Open — opponent sealed themselves in
Persis's base· ✓ Closed at 20:43 · 35t walls · no gate
狂000's base· ✓ Closed at 14:09 · 4t walls · no gate
Luminance's base· Open — opponent sealed themselves in
PsyBorg's base· ✓ Closed at 19:34 · 44t walls · 2 gate(s)
WolfGod's base· ✓ Closed at 17:58 · 0t walls · no gate
FryCaptain's base· ✓ Closed at 19:24 · 26t walls · no gate
cowboy's base· Open — opponent sealed themselves in
Smoothed initial terrain · ◌ = detected wall gap · hover for details
Inputs per minute
— Sony Toprano - - Persis
Build order — Sony Toprano
First 150 of 433 actions detected
| 0:03 | Create | Villager (Male) ×4 |
| 0:04 | Build | House |
| 0:05 | Build | House |
| 1:11 | Create | Villager (Male) |
| 1:47 | Build | Lumber Camp |
| 2:10 | Create | Villager (Male) |
| 2:28 | Create | Villager (Male) |
| 2:59 | Create | Villager (Male) |
| 3:35 | Create | Villager (Male) |
| 3:52 | Create | Villager (Male) |
| 4:19 | Build | House |
| 4:25 | Create | Villager (Male) |
| 4:26 | Create | Villager (Male) |
| 4:49 | Build | Dock |
| 4:58 | Create | Villager (Male) |
| 5:15 | Build | House |
| 5:23 | Create | Villager (Male) |
| 5:30 | Create | Fishing Ship |
| 5:56 | Create | Villager (Male) |
| 5:57 | Create | Fishing Ship |
| 6:13 | Create | Fishing Ship |
| 6:28 | Create | Villager (Male) |
| 6:32 | Build | House |
| 6:39 | Create | Villager (Male) |
| 6:55 | Create | Fishing Ship |
| 7:02 | Build | Mill |
| 7:13 | Create | Villager (Male) |
| 7:29 | Build | Palisade Wall |
| 7:31 | Build | Palisade Wall |
| 7:42 | Create | Villager (Male) |
| 7:42 | Create | Villager (Male) |
| 7:46 | Research | Loom |
| 7:57 | Build | Palisade Wall |
| 8:00 | Create | Villager (Male) |
| 8:24 | Create | Villager (Male) |
| 8:29 | Create | Fishing Ship |
| 8:30 | Create | Fishing Ship |
| 8:49 | Build | Mining Camp |
| 8:55 | Build | House |
| 9:16 | Create | Villager (Male) |
| 9:17 | Create | Fishing Ship |
| 9:38 | Create | Villager (Male) |
| 9:38 | Create | Villager (Male) |
| 9:40 | Create | Villager (Male) |
| 9:40 | Create | Villager (Male) |
| 10:11 | Build | Lumber Camp |
| 10:21 | Build | House |
| 10:27 | Build | House |
| 10:39 | Create | Fishing Ship |
| 10:57 | Build | Palisade Wall |
| 11:19 | Research | Feudal Age |
| 11:43 | Build | House |
| 11:46 | Build | House |
| 11:52 | Create | Villager (Male) |
| 11:52 | Create | Villager (Male) |
| 12:49 | Build | Farm |
| 12:50 | Build | Farm |
| 12:52 | Build | Farm |
| 12:53 | Build | Farm |
| 13:04 | Age | Feudal Age |
| 13:05 | Build | Blacksmith |
| 13:07 | Build | Market |
| 13:11 | Research | Double-Bit Axe |
| 13:19 | Create | Villager (Male) |
| 13:34 | Create | Fishing Ship |
| 13:54 | Build | Dock |
| 14:21 | Create | Villager (Male) |
| 14:21 | Create | Villager (Male) |
| 14:25 | Build | Fish Trap |
| 14:26 | Create | Fishing Ship |
| 14:26 | Create | Fishing Ship |
| 14:29 | Build | House |
| 14:30 | Build | House |
| 14:44 | Create | Fishing Ship |
| 15:09 | Build | Fish Trap |
| 15:12 | Build | Fish Trap |
| 15:18 | Build | Fish Trap |
| 15:22 | Research | Castle Age |
| 15:22 | Research | Castle Age |
| 15:26 | Build | Fish Trap |
| 15:28 | Build | Fish Trap |
| 15:30 | Create | Fishing Ship |
| 15:30 | Create | Fishing Ship |
| 16:00 | Create | Fishing Ship |
| 16:00 | Create | Fishing Ship |
| 16:02 | Build | Fish Trap |
| 16:05 | Build | Fish Trap |
| 16:11 | Build | Fish Trap |
| 16:12 | Build | House |
| 16:14 | Build | House |
| 16:17 | Build | Fish Trap |
| 16:19 | Build | Fish Trap |
| 16:22 | Build | Fish Trap |
| 16:40 | Build | Fish Trap |
| 16:44 | Create | Fishing Ship |
| 16:44 | Create | Fishing Ship |
| 16:45 | Create | Villager (Male) |
| 16:51 | Build | Dock |
| 16:58 | Age | Castle Age |
| 17:02 | Research | Bow Saw |
| 17:11 | Build | Fish Trap |
| 17:19 | Build | Fish Trap |
| 17:30 | Create | Villager (Male) |
| 17:31 | Create | Villager (Male) |
| 17:50 | Build | Town Center |
| 18:15 | Create | Villager (Male) |
| 18:22 | Build | Town Center |
| 18:47 | Create | Villager (Male) |
| 18:47 | Create | Villager (Male) |
| 18:55 | Create | Villager (Male) |
| 19:03 | Build | Monastery |
| 19:10 | Build | House |
| 19:17 | Build | Fish Trap |
| 19:19 | Build | Fish Trap |
| 19:21 | Create | Fishing Ship |
| 19:21 | Create | Fishing Ship |
| 19:25 | Create | Villager (Male) |
| 19:39 | Create | Villager (Male) |
| 19:39 | Create | Villager (Male) |
| 19:41 | Create | Villager (Male) |
| 19:41 | Create | Villager (Male) |
| 19:48 | Create | Villager (Male) |
| 19:48 | Create | Villager (Male) |
| 19:51 | Build | Farm |
| 19:51 | Build | Farm |
| 19:58 | Create | Villager (Male) |
| 20:04 | Build | Fish Trap |
| 20:07 | Build | Dock |
| 20:09 | Create | Villager (Male) |
| 20:13 | Create | Fishing Ship |
| 20:13 | Create | Fishing Ship |
| 20:13 | Create | Fishing Ship |
| 20:17 | Research | Tech 906 |
| 20:18 | Research | Tech 906 |
| 20:19 | Create | Villager (Male) |
| 20:19 | Create | Villager (Male) |
| 20:38 | Create | Villager (Male) |
| 20:43 | Create | Monk |
| 20:44 | Create | Monk |
| 20:45 | Create | Villager (Male) |
| 20:45 | Create | Villager (Male) |
| 20:58 | Build | Town Center |
| 21:04 | Research | Gold Mining |
| 21:05 | Create | Villager (Male) |
| 21:06 | Create | Fishing Ship |
| 21:06 | Create | Fishing Ship |
| 21:06 | Create | Fishing Ship |
| 21:06 | Create | Fishing Ship |
| 21:14 | Build | Fish Trap |
| 21:20 | Build | Fish Trap |
Build order — Persis
First 150 of 201 actions detected
| 0:01 | Create | Villager (Male) |
| 0:02 | Build | House |
| 0:03 | Build | House |
| 0:19 | Research | Loom |
| 0:19 | Create | Villager (Male) |
| 0:24 | Create | Villager (Male) |
| 0:24 | Create | Villager (Male) |
| 2:34 | Create | Villager (Male) |
| 4:44 | Create | Villager (Male) |
| 4:44 | Create | Villager (Male) |
| 4:44 | Create | Villager (Male) |
| 5:16 | Create | Villager (Male) |
| 5:16 | Create | Villager (Male) |
| 5:42 | Build | Palisade Wall |
| 6:42 | Create | Villager (Male) |
| 7:18 | Create | Villager (Male) |
| 7:21 | Build | House |
| 7:39 | Create | Villager (Male) |
| 7:56 | Create | Villager (Male) |
| 7:59 | Build | Palisade Wall |
| 8:05 | Build | Palisade Wall |
| 8:09 | Create | Villager (Male) |
| 8:18 | Build | Palisade Wall |
| 9:22 | Build | Lumber Camp |
| 9:43 | Create | Villager (Male) |
| 9:43 | Create | Villager (Male) |
| 9:43 | Create | Villager (Male) |
| 9:44 | Create | Villager (Male) |
| 9:44 | Create | Villager (Male) |
| 10:04 | Build | Palisade Wall |
| 10:54 | Build | Palisade Wall |
| 12:02 | Build | Mill |
| 12:12 | Create | Villager (Male) |
| 12:12 | Create | Villager (Male) |
| 12:40 | Build | House |
| 12:45 | Research | Feudal Age |
| 12:45 | Research | Feudal Age |
| 13:22 | Build | House |
| 13:47 | Build | Palisade Wall |
| 13:58 | Create | Villager (Male) |
| 14:08 | Build | Mining Camp |
| 14:14 | Build | Palisade Wall |
| 14:20 | Build | Palisade Wall |
| 14:54 | Create | Villager (Male) |
| 14:55 | Create | Villager (Male) |
| 14:57 | Age | Feudal Age |
| 15:01 | Build | Mining Camp |
| 15:04 | Build | Blacksmith |
| 15:15 | Create | Villager (Male) |
| 15:15 | Create | Villager (Male) |
| 15:44 | Build | House |
| 17:00 | Build | Stone Wall |
| 17:06 | Build | Stone Wall |
| 17:08 | Build | Outpost |
| 17:20 | Build | Market |
| 17:24 | Create | Villager (Male) |
| 18:03 | Research | Castle Age |
| 18:09 | Research | Fletching |
| 18:26 | Build | Watch Tower |
| 18:31 | Research | Double-Bit Axe |
| 19:23 | Build | Stone Wall |
| 20:43 | Age | Castle Age |
| 20:44 | Build | Siege Workshop |
| 20:49 | Create | Villager (Male) |
| 20:49 | Create | Villager (Male) |
| 21:18 | Build | Farm |
| 21:37 | Build | Castle |
| 21:48 | Build | Farm |
| 21:49 | Create | Villager (Male) |
| 21:58 | Create | Battering Ram |
| 22:36 | Create | Villager (Male) |
| 22:41 | Build | House |
| 22:44 | Build | House |
| 23:01 | Build | House |
| 23:11 | Create | War Wagon |
| 23:11 | Create | War Wagon |
| 23:12 | Create | War Wagon |
| 23:20 | Build | Farm |
| 23:21 | Build | Farm |
| 23:24 | Build | Farm |
| 23:25 | Build | Farm |
| 23:48 | Build | Farm |
| 23:57 | Create | Villager (Male) |
| 24:09 | Create | War Wagon |
| 24:41 | Create | Iron Pagoda |
| 24:47 | Create | Villager (Male) |
| 24:47 | Create | Villager (Male) |
| 24:47 | Create | Villager (Male) |
| 24:51 | Build | Farm |
| 24:52 | Build | Farm |
| 25:03 | Create | Villager (Male) |
| 25:20 | Create | War Wagon |
| 25:22 | Create | Villager (Male) |
| 25:22 | Create | Villager (Male) |
| 25:36 | Build | Farm |
| 25:42 | Build | House |
| 26:15 | Create | Iron Pagoda |
| 26:18 | Create | Villager (Male) |
| 26:18 | Create | Villager (Male) |
| 26:18 | Create | Villager (Male) |
| 26:18 | Create | Villager (Male) |
| 26:18 | Create | Villager (Male) |
| 26:35 | Create | Villager (Male) |
| 26:35 | Create | Villager (Male) |
| 26:58 | Create | Villager (Male) |
| 27:14 | Create | Villager (Male) |
| 27:14 | Create | Villager (Male) |
| 27:15 | Create | Villager (Male) |
| 27:15 | Create | Villager (Male) |
| 28:01 | Create | Villager (Male) |
| 28:01 | Create | Villager (Male) |
| 28:01 | Create | Villager (Male) |
| 28:01 | Create | Villager (Male) |
| 28:28 | Build | Town Center |
| 28:34 | Build | Farm |
| 28:39 | Create | War Wagon |
| 28:55 | Create | Villager (Male) |
| 28:55 | Create | Villager (Male) |
| 28:55 | Create | Villager (Male) |
| 28:56 | Create | Villager (Male) |
| 29:32 | Create | Villager (Male) |
| 29:32 | Create | Villager (Male) |
| 29:32 | Create | Villager (Male) |
| 29:38 | Create | Petard |
| 29:44 | Create | Villager (Male) |
| 30:13 | Build | Farm |
| 30:14 | Build | Farm |
| 30:16 | Build | Farm |
| 30:18 | Build | Farm |
| 30:20 | Build | Farm |
| 30:22 | Build | Farm |
| 30:24 | Build | Farm |
| 30:26 | Build | Farm |
| 30:27 | Research | Bodkin Arrow |
| 30:33 | Build | Town Center |
| 30:58 | Create | Villager (Male) |
| 30:59 | Create | Villager (Male) |
| 30:59 | Create | Villager (Male) |
| 31:47 | Create | Petard |
| 31:48 | Create | Villager (Male) |
| 31:48 | Create | Villager (Male) |
| 31:49 | Create | Villager (Male) |
| 31:49 | Create | Villager (Male) |
| 31:56 | Build | Farm |
| 32:02 | Build | Farm |
| 32:29 | Create | War Wagon |
| 32:29 | Create | War Wagon |
| 32:30 | Create | Villager (Male) |
| 32:31 | Create | Villager (Male) |
| 32:31 | Create | Villager (Male) |
Build order — 狂000
First 150 of 511 actions detected
| 0:00 | Create | Villager (Male) |
| 0:01 | Create | Villager (Male) |
| 0:01 | Create | Villager (Male) |
| 0:15 | Create | Villager (Male) |
| 0:16 | Create | Villager (Male) |
| 1:15 | Create | Villager (Male) |
| 1:15 | Create | Villager (Male) |
| 1:43 | Build | Lumber Camp |
| 1:48 | Create | Villager (Male) |
| 1:49 | Create | Villager (Male) |
| 2:05 | Create | Villager (Male) |
| 2:05 | Create | Villager (Male) |
| 2:37 | Create | Villager (Male) |
| 2:52 | Create | Villager (Male) |
| 2:52 | Create | Villager (Male) |
| 3:31 | Create | Villager (Male) |
| 3:32 | Create | Villager (Male) |
| 3:43 | Create | Villager (Male) |
| 3:43 | Create | Villager (Male) |
| 4:07 | Create | Villager (Male) |
| 4:07 | Create | Villager (Male) |
| 4:35 | Create | Villager (Male) |
| 4:36 | Create | Villager (Male) |
| 4:39 | Build | Mill |
| 4:47 | Create | Villager (Male) |
| 4:47 | Create | Villager (Male) |
| 5:10 | Build | Palisade Wall |
| 5:37 | Create | Villager (Male) |
| 5:37 | Create | Villager (Male) |
| 6:21 | Create | Villager (Male) |
| 6:32 | Create | Villager (Male) |
| 7:27 | Create | Villager (Male) |
| 7:27 | Create | Villager (Male) |
| 7:43 | Build | Lumber Camp |
| 7:52 | Build | Mining Camp |
| 8:22 | Research | Feudal Age |
| 9:10 | Build | Barracks |
| 10:01 | Create | Villager (Male) |
| 10:18 | Create | Villager (Male) |
| 10:32 | Age | Feudal Age |
| 10:34 | Build | Archery Range |
| 10:45 | Build | Blacksmith |
| 11:29 | Research | Castle Age |
| 12:05 | Research | Double-Bit Axe |
| 12:19 | Research | Horse Collar |
| 12:37 | Build | Farm |
| 12:46 | Build | Palisade Wall |
| 12:49 | Build | Palisade Wall |
| 12:52 | Build | Palisade Wall |
| 13:02 | Build | Farm |
| 13:06 | Build | Farm |
| 13:09 | Create | Villager (Male) |
| 13:56 | Research | Gold Mining |
| 14:09 | Age | Castle Age |
| 14:13 | Build | Siege Workshop |
| 14:18 | Create | Cavalry Archer |
| 14:18 | Create | Cavalry Archer |
| 14:21 | Create | Villager (Male) |
| 14:29 | Research | Bow Saw |
| 14:29 | Research | Bow Saw |
| 14:36 | Build | Farm |
| 15:02 | Build | Farm |
| 15:03 | Create | Villager (Male) |
| 15:09 | Create | Villager (Male) |
| 15:12 | Create | Battering Ram |
| 15:25 | Research | Fletching |
| 15:48 | Build | Farm |
| 15:58 | Create | Cavalry Archer |
| 16:16 | Create | Villager (Male) |
| 16:17 | Create | Cavalry Archer |
| 16:29 | Create | Battering Ram |
| 16:31 | Create | Mangonel |
| 16:32 | Create | Mangonel |
| 16:32 | Create | Villager (Male) |
| 16:43 | Create | Villager (Male) |
| 16:47 | Build | Farm |
| 17:05 | Create | Cavalry Archer |
| 17:58 | Create | Villager (Male) |
| 17:59 | Create | Villager (Male) |
| 18:00 | Create | Cavalry Archer |
| 18:45 | Create | Villager (Male) |
| 18:46 | Create | Cavalry Archer |
| 18:54 | Build | Stable |
| 18:57 | Create | Villager (Male) |
| 19:01 | Build | Town Center |
| 19:08 | Create | Mangonel |
| 19:22 | Create | Villager (Male) |
| 19:24 | Build | Farm |
| 19:24 | Research | Heavy Plow |
| 19:44 | Build | Siege Workshop |
| 19:50 | Create | Knight |
| 19:50 | Create | Knight |
| 20:06 | Create | Knight |
| 20:11 | Build | Palisade Wall |
| 20:12 | Build | Palisade Wall |
| 20:47 | Build | Stable |
| 20:53 | Create | Villager (Male) |
| 20:54 | Create | Villager (Male) |
| 20:55 | Create | Villager (Male) |
| 21:01 | Build | Town Center |
| 21:15 | Create | Villager (Male) |
| 21:19 | Build | Farm |
| 21:20 | Build | Farm |
| 21:22 | Build | Farm |
| 21:24 | Create | Villager (Male) |
| 21:53 | Create | Knight |
| 21:56 | Create | Mangonel |
| 21:58 | Create | Mangonel |
| 22:16 | Create | Villager (Male) |
| 22:19 | Build | Farm |
| 22:19 | Build | Farm |
| 22:23 | Create | Mangonel |
| 23:18 | Build | Stable |
| 23:22 | Create | Mangonel |
| 23:29 | Create | Knight |
| 23:30 | Create | Villager (Male) |
| 23:30 | Create | Villager (Male) |
| 23:32 | Build | Farm |
| 23:35 | Build | Farm |
| 23:36 | Build | Farm |
| 23:48 | Create | Knight |
| 24:04 | Create | Knight |
| 24:24 | Create | Knight |
| 24:26 | Build | Archery Range |
| 24:42 | Create | Knight |
| 24:43 | Create | Knight |
| 25:05 | Create | Villager (Male) |
| 25:08 | Research | Scale Barding Armor |
| 25:11 | Create | Villager (Male) |
| 25:11 | Create | Villager (Male) |
| 25:12 | Create | Villager (Male) |
| 25:14 | Build | Mill |
| 25:15 | Build | Farm |
| 25:15 | Build | Farm |
| 25:15 | Build | Farm |
| 25:15 | Build | Farm |
| 25:16 | Build | Farm |
| 25:16 | Build | Farm |
| 25:24 | Create | Knight |
| 25:25 | Build | Archery Range |
| 25:26 | Create | Cavalry Archer |
| 25:26 | Create | Cavalry Archer |
| 25:34 | Build | Market |
| 26:21 | Create | Cavalry Archer |
| 26:22 | Create | Knight |
| 26:23 | Create | Knight |
| 26:32 | Build | Stable |
| 26:56 | Create | Villager (Male) |
| 26:56 | Create | Villager (Male) |
| 26:57 | Create | Villager (Male) |
Build order — Luminance
First 150 of 482 actions detected
| 0:01 | Create | Villager (Male) |
| 0:02 | Create | Villager (Male) |
| 0:02 | Build | House |
| 0:04 | Build | House |
| 0:23 | Research | Loom |
| 0:24 | Create | Villager (Male) |
| 0:25 | Create | Villager (Male) |
| 0:25 | Create | Villager (Male) |
| 2:13 | Create | Villager (Male) |
| 3:00 | Create | Villager (Male) |
| 3:46 | Create | Villager (Male) |
| 4:30 | Create | Villager (Male) |
| 4:42 | Build | Palisade Wall |
| 4:58 | Build | Palisade Wall |
| 5:15 | Create | Villager (Male) |
| 5:25 | Create | Villager (Male) |
| 5:48 | Build | Palisade Wall |
| 5:53 | Build | Palisade Wall |
| 6:05 | Create | Villager (Male) |
| 6:06 | Create | Villager (Male) |
| 6:20 | Create | Villager (Male) |
| 6:30 | Build | House |
| 6:43 | Create | Villager (Male) |
| 7:11 | Build | Lumber Camp |
| 7:12 | Create | Villager (Male) |
| 8:08 | Create | Villager (Male) |
| 8:09 | Create | Villager (Male) |
| 8:10 | Create | Villager (Male) |
| 8:29 | Build | House |
| 8:33 | Create | Villager (Male) |
| 8:56 | Build | Dock |
| 9:00 | Build | House |
| 9:04 | Create | Villager (Male) |
| 9:04 | Create | Villager (Male) |
| 9:04 | Create | Villager (Male) |
| 9:24 | Create | Villager (Male) |
| 9:38 | Create | Fishing Ship |
| 9:55 | Create | Villager (Male) |
| 9:55 | Create | Villager (Male) |
| 10:09 | Create | Villager (Male) |
| 10:12 | Create | Villager (Male) |
| 10:13 | Create | Fishing Ship |
| 10:28 | Build | Palisade Wall |
| 10:32 | Create | Villager (Male) |
| 10:33 | Create | Villager (Male) |
| 10:33 | Create | Villager (Male) |
| 10:51 | Create | Fishing Ship |
| 11:24 | Create | Villager (Male) |
| 11:39 | Research | Feudal Age |
| 11:56 | Build | Mill |
| 12:16 | Build | Mining Camp |
| 12:48 | Build | Palisade Wall |
| 12:51 | Create | Villager (Male) |
| 13:05 | Build | House |
| 13:09 | Create | Villager (Male) |
| 13:32 | Create | Villager (Male) |
| 14:03 | Age | Feudal Age |
| 14:06 | Build | Market |
| 14:33 | Create | Villager (Male) |
| 14:47 | Create | Villager (Male) |
| 15:22 | Create | Villager (Male) |
| 15:47 | Build | Blacksmith |
| 16:37 | Research | Castle Age |
| 16:39 | Research | Double-Bit Axe |
| 17:00 | Build | Lumber Camp |
| 17:10 | Create | Villager (Male) |
| 17:36 | Build | House |
| 17:42 | Create | Fishing Ship |
| 17:51 | Create | Fishing Ship |
| 18:12 | Build | Barracks |
| 18:38 | Build | Lumber Camp |
| 18:45 | Create | Villager (Male) |
| 18:48 | Create | Fishing Ship |
| 18:59 | Build | Fish Trap |
| 19:01 | Build | Fish Trap |
| 19:06 | Create | Villager (Male) |
| 19:17 | Age | Castle Age |
| 19:28 | Build | Siege Workshop |
| 19:34 | Create | Villager (Male) |
| 19:44 | Build | Fish Trap |
| 19:49 | Create | Villager (Male) |
| 19:59 | Create | Mangonel |
| 20:04 | Build | House |
| 20:08 | Research | Bow Saw |
| 20:17 | Create | Villager (Male) |
| 20:36 | Research | Gold Mining |
| 21:03 | Build | Fish Trap |
| 21:07 | Build | Fish Trap |
| 21:09 | Create | Villager (Male) |
| 21:09 | Create | Villager (Male) |
| 21:11 | Create | Battering Ram |
| 21:14 | Build | Fish Trap |
| 21:24 | Create | Fishing Ship |
| 21:25 | Create | Villager (Male) |
| 21:30 | Create | Villager (Male) |
| 21:32 | Build | House |
| 21:45 | Build | Town Center |
| 21:48 | Build | House |
| 21:52 | Create | Villager (Male) |
| 22:03 | Create | Villager (Male) |
| 22:14 | Build | Stone Wall |
| 22:15 | Build | Stone Wall |
| 22:25 | Create | Villager (Male) |
| 22:45 | Create | Villager (Male) |
| 22:49 | Build | Mining Camp |
| 22:50 | Create | Villager (Male) |
| 22:59 | Build | Town Center |
| 23:06 | Build | Lumber Camp |
| 23:10 | Create | Fishing Ship |
| 23:21 | Build | Stone Wall |
| 23:26 | Create | Mangonel |
| 23:31 | Build | Stone Wall |
| 23:35 | Build | Stone Wall |
| 23:36 | Build | Stone Wall |
| 23:42 | Build | Palisade Wall |
| 23:47 | Create | Villager (Male) |
| 24:06 | Build | Farm |
| 24:06 | Build | Farm |
| 24:07 | Build | Farm |
| 24:07 | Build | Farm |
| 24:07 | Build | Farm |
| 24:07 | Build | Farm |
| 24:08 | Build | Farm |
| 24:12 | Create | Villager (Male) |
| 24:12 | Create | Villager (Male) |
| 24:33 | Build | Stone Wall |
| 24:35 | Build | Stone Wall |
| 24:39 | Build | Stone Wall |
| 24:51 | Create | Villager (Male) |
| 24:51 | Create | Villager (Male) |
| 24:57 | Create | Villager (Male) |
| 24:57 | Create | Villager (Male) |
| 25:06 | Build | Fish Trap |
| 25:09 | Build | Fish Trap |
| 25:18 | Create | Fishing Ship |
| 25:18 | Create | Fishing Ship |
| 25:20 | Research | Tech 906 |
| 25:23 | Build | Farm |
| 25:23 | Build | Farm |
| 25:24 | Build | Farm |
| 25:24 | Build | Farm |
| 25:24 | Build | Farm |
| 25:24 | Build | Farm |
| 25:25 | Build | Farm |
| 25:28 | Build | Farm |
| 25:30 | Create | Villager (Male) |
| 25:39 | Create | Villager (Male) |
| 25:47 | Create | Villager (Male) |
| 25:59 | Create | Mangonel |
| 26:04 | Build | Farm |
Build order — PsyBorg
First 150 of 227 actions detected
| 0:01 | Create | Villager (Male) |
| 0:01 | Create | Villager (Male) |
| 0:02 | Build | House |
| 0:04 | Build | House |
| 0:44 | Create | Villager (Male) |
| 0:44 | Create | Villager (Male) |
| 0:48 | Research | Loom |
| 1:08 | Create | Villager (Male) |
| 1:30 | Create | Villager (Male) |
| 1:51 | Build | Palisade Wall |
| 2:00 | Build | Palisade Wall |
| 2:02 | Create | Villager (Male) |
| 2:39 | Create | Villager (Male) |
| 3:15 | Create | Villager (Male) |
| 3:26 | Build | House |
| 3:34 | Create | Villager (Male) |
| 3:59 | Build | Lumber Camp |
| 4:12 | Create | Villager (Male) |
| 4:13 | Create | Villager (Male) |
| 4:13 | Create | Villager (Male) |
| 5:03 | Create | Villager (Male) |
| 5:21 | Create | Villager (Male) |
| 5:43 | Build | House |
| 5:49 | Create | Villager (Male) |
| 6:17 | Build | Mill |
| 6:20 | Create | Villager (Male) |
| 6:32 | Create | Villager (Male) |
| 6:57 | Create | Villager (Male) |
| 7:16 | Create | Villager (Male) |
| 7:41 | Create | Villager (Male) |
| 7:53 | Build | Barracks |
| 8:14 | Research | Feudal Age |
| 8:35 | Build | Mining Camp |
| 8:44 | Create | Militia |
| 9:11 | Create | Villager (Male) |
| 9:19 | Create | Militia |
| 9:41 | Create | Militia |
| 9:47 | Build | House |
| 10:10 | Create | Militia |
| 10:35 | Age | Feudal Age |
| 10:41 | Research | Arson |
| 10:50 | Build | Watch Tower |
| 10:53 | Create | Villager (Male) |
| 11:00 | Research | Man-at-Arms (upgrade) |
| 11:02 | Create | Villager (Male) |
| 11:33 | Build | Stone Wall |
| 11:36 | Build | Stone Wall |
| 11:51 | Create | Villager (Male) |
| 11:54 | Research | Double-Bit Axe |
| 11:56 | Research | Horse Collar |
| 11:56 | Research | Horse Collar |
| 12:46 | Build | Gate |
| 12:56 | Build | Stone Wall |
| 13:02 | Build | Stone Wall |
| 13:03 | Create | Villager (Male) |
| 13:07 | Research | Wheelbarrow |
| 13:10 | Build | House |
| 13:58 | Build | Lumber Camp |
| 14:02 | Create | Villager (Male) |
| 14:28 | Build | Farm |
| 14:30 | Build | Farm |
| 14:33 | Build | Farm |
| 14:37 | Build | Farm |
| 14:44 | Build | Farm |
| 14:46 | Create | Villager (Male) |
| 15:07 | Create | Villager (Male) |
| 15:30 | Build | Market |
| 15:35 | Build | Blacksmith |
| 15:37 | Create | Villager (Male) |
| 15:41 | Build | Farm |
| 15:47 | Create | Villager (Male) |
| 15:59 | Build | House |
| 16:04 | Build | Farm |
| 16:20 | Create | Militia |
| 16:21 | Create | Militia |
| 16:43 | Build | Mining Camp |
| 16:54 | Research | Castle Age |
| 17:16 | Build | Stone Wall |
| 17:21 | Build | Gate |
| 17:23 | Create | Villager (Male) |
| 18:24 | Create | Villager (Male) |
| 18:47 | Create | Villager (Male) |
| 19:08 | Create | Villager (Male) |
| 19:34 | Age | Castle Age |
| 19:37 | Build | Castle |
| 19:54 | Build | Farm |
| 19:56 | Build | Farm |
| 20:43 | Build | Farm |
| 21:12 | Create | Gbeto |
| 21:15 | Create | Villager (Male) |
| 21:19 | Build | Farm |
| 21:43 | Build | Mining Camp |
| 21:58 | Create | Gbeto |
| 22:26 | Build | Farm |
| 22:28 | Create | Villager (Male) |
| 22:28 | Create | Villager (Male) |
| 22:29 | Create | Villager (Male) |
| 22:44 | Create | Gbeto |
| 22:44 | Create | Gbeto |
| 23:05 | Create | Gbeto |
| 23:05 | Create | Gbeto |
| 23:17 | Build | Siege Workshop |
| 23:20 | Create | Villager (Male) |
| 23:32 | Create | Villager (Male) |
| 24:01 | Create | Battering Ram |
| 24:07 | Create | Gbeto |
| 24:26 | Create | Gbeto ×2 |
| 24:26 | Create | Gbeto ×2 |
| 24:29 | Create | Villager (Male) |
| 24:43 | Build | Lumber Camp |
| 25:10 | Create | Gbeto |
| 25:11 | Create | Gbeto |
| 25:28 | Create | Gbeto ×4 |
| 25:39 | Create | Villager (Male) |
| 26:10 | Create | Battering Ram |
| 26:10 | Create | Battering Ram |
| 26:12 | Create | Villager (Male) |
| 27:06 | Create | Battering Ram |
| 27:15 | Create | Villager (Male) |
| 27:29 | Create | Gbeto |
| 27:29 | Create | Gbeto |
| 28:07 | Create | Gbeto |
| 28:18 | Create | Gbeto |
| 28:19 | Create | Gbeto |
| 28:19 | Create | Gbeto |
| 28:19 | Create | Gbeto |
| 28:20 | Create | Gbeto |
| 28:21 | Create | Gbeto |
| 28:27 | Create | Villager (Male) |
| 29:54 | Build | Town Center |
| 30:05 | Create | Scorpion ×2 |
| 30:05 | Create | Scorpion ×2 |
| 30:08 | Create | Villager (Male) |
| 30:08 | Create | Villager (Male) |
| 32:07 | Create | Villager (Male) |
| 32:11 | Build | Farm |
| 32:11 | Build | Farm |
| 32:11 | Build | Farm |
| 32:11 | Build | Farm |
| 32:12 | Build | Farm |
| 32:12 | Build | Farm |
| 32:22 | Create | Villager (Male) |
| 32:45 | Build | Farm |
| 32:47 | Build | Farm |
| 32:48 | Create | Villager (Male) |
| 32:49 | Create | Villager (Male) |
| 33:04 | Build | Stone Wall |
| 33:06 | Build | Stone Wall |
| 33:12 | Build | Gate |
| 33:16 | Create | Villager (Male) |
Build order — WolfGod
First 150 of 373 actions detected
| 0:02 | Create | Villager (Male) |
| 0:02 | Create | Villager (Male) |
| 0:02 | Create | Villager (Male) |
| 0:02 | Create | Villager (Male) |
| 0:02 | Create | Villager (Male) |
| 0:07 | Build | House |
| 0:11 | Build | House |
| 1:27 | Create | Villager (Male) |
| 1:28 | Create | Villager (Male) |
| 1:56 | Build | Lumber Camp |
| 2:56 | Create | Villager (Male) |
| 2:56 | Create | Villager (Male) |
| 2:56 | Create | Villager (Male) |
| 3:11 | Build | House |
| 3:15 | Create | Villager (Male) |
| 3:15 | Create | Villager (Male) |
| 3:28 | Build | House |
| 3:46 | Create | Villager (Male) |
| 3:46 | Create | Villager (Male) |
| 4:03 | Create | Villager (Male) |
| 4:04 | Create | Villager (Male) |
| 4:30 | Create | Villager (Male) |
| 4:30 | Create | Villager (Male) |
| 5:21 | Create | Villager (Male) |
| 5:21 | Create | Villager (Male) |
| 5:49 | Build | Dock |
| 6:00 | Create | Villager (Male) |
| 6:00 | Create | Villager (Male) |
| 6:27 | Build | House |
| 6:47 | Create | Fishing Ship |
| 6:47 | Create | Fishing Ship |
| 6:47 | Create | Fishing Ship |
| 7:20 | Create | Villager (Male) |
| 7:20 | Create | Villager (Male) |
| 7:21 | Research | Loom |
| 8:00 | Create | Fishing Ship |
| 8:00 | Create | Fishing Ship |
| 8:20 | Build | Mill |
| 8:26 | Create | Villager (Male) |
| 8:26 | Create | Villager (Male) |
| 8:43 | Build | Dock |
| 8:56 | Create | Villager (Male) |
| 8:56 | Create | Villager (Male) |
| 9:59 | Build | Mining Camp |
| 10:10 | Create | Fishing Ship |
| 10:10 | Create | Fishing Ship |
| 10:11 | Create | Fishing Ship |
| 10:29 | Build | House |
| 10:37 | Build | House |
| 11:37 | Research | Feudal Age |
| 11:48 | Create | Fishing Ship |
| 11:48 | Create | Fishing Ship |
| 12:18 | Build | House |
| 12:26 | Create | Fishing Ship |
| 12:26 | Create | Fishing Ship |
| 12:47 | Build | Lumber Camp |
| 13:04 | Build | Mill |
| 13:47 | Age | Feudal Age |
| 13:59 | Build | Market |
| 14:08 | Build | Blacksmith |
| 14:12 | Create | Villager (Male) |
| 14:12 | Create | Villager (Male) |
| 14:25 | Research | Tech 906 |
| 15:18 | Research | Castle Age |
| 15:37 | Research | Double-Bit Axe |
| 16:30 | Build | Fish Trap |
| 16:48 | Build | Fish Trap |
| 17:03 | Build | Fish Trap |
| 17:12 | Build | Fish Trap |
| 17:20 | Build | Fish Trap |
| 17:26 | Build | Fish Trap |
| 17:33 | Build | Fish Trap |
| 17:39 | Build | Fish Trap |
| 17:48 | Create | Villager (Male) |
| 17:48 | Create | Villager (Male) |
| 17:58 | Age | Castle Age |
| 18:01 | Build | Fish Trap |
| 18:12 | Build | Town Center |
| 18:16 | Create | Villager (Male) |
| 18:30 | Build | Fish Trap |
| 18:38 | Build | Fish Trap |
| 18:44 | Create | Villager (Male) |
| 18:44 | Create | Villager (Male) |
| 19:06 | Build | Town Center |
| 19:20 | Research | Wheelbarrow |
| 19:35 | Research | Bow Saw |
| 19:40 | Create | Villager (Male) |
| 19:40 | Create | Villager (Male) |
| 19:41 | Create | Villager (Male) |
| 20:00 | Create | Villager (Male) |
| 20:00 | Create | Villager (Male) |
| 20:12 | Create | Villager (Male) |
| 20:12 | Create | Villager (Male) |
| 20:32 | Build | Town Center |
| 20:38 | Create | Villager (Male) |
| 20:38 | Create | Villager (Male) |
| 20:38 | Create | Villager (Male) |
| 20:47 | Build | Lumber Camp |
| 21:01 | Create | Villager (Male) |
| 21:02 | Create | Villager (Male) |
| 21:02 | Create | Villager (Male) |
| 21:23 | Build | Mill |
| 21:32 | Create | Villager (Male) |
| 21:32 | Create | Villager (Male) |
| 21:33 | Create | Villager (Male) |
| 21:43 | Research | Gillnets |
| 21:44 | Create | Fishing Ship |
| 21:44 | Create | Fishing Ship |
| 22:00 | Create | Villager (Male) |
| 22:00 | Create | Villager (Male) |
| 22:00 | Create | Villager (Male) |
| 22:08 | Build | Farm |
| 22:08 | Build | Farm |
| 22:08 | Build | Farm |
| 22:08 | Build | Farm |
| 22:09 | Build | Farm |
| 22:09 | Build | Farm |
| 22:09 | Build | Farm |
| 22:09 | Build | Farm |
| 22:09 | Build | Farm |
| 22:22 | Create | Villager (Male) |
| 22:22 | Create | Villager (Male) |
| 23:10 | Build | Fish Trap |
| 23:19 | Research | Hand Cart |
| 23:20 | Create | Villager (Male) |
| 23:20 | Create | Villager (Male) |
| 23:20 | Create | Villager (Male) |
| 23:30 | Build | House |
| 23:31 | Build | House |
| 23:33 | Build | House |
| 23:34 | Build | House |
| 23:35 | Build | House |
| 23:40 | Research | Horse Collar |
| 23:46 | Create | Villager (Male) |
| 23:46 | Create | Villager (Male) |
| 23:46 | Create | Villager (Male) |
| 23:53 | Create | Villager (Male) |
| 23:53 | Create | Villager (Male) |
| 24:00 | Create | Villager (Male) |
| 24:01 | Create | Villager (Male) |
| 24:01 | Create | Villager (Male) |
| 24:01 | Create | Villager (Male) |
| 24:01 | Create | Villager (Male) |
| 24:01 | Create | Villager (Male) |
| 24:02 | Create | Villager (Male) |
| 24:02 | Create | Villager (Male) |
| 24:10 | Build | Fish Trap |
| 24:21 | Build | Lumber Camp |
| 24:31 | Build | Mining Camp |
| 24:42 | Build | Farm |
Build order — FryCaptain
First 150 of 342 actions detected
| 0:02 | Create | Villager (Male) |
| 0:02 | Create | Villager (Male) |
| 0:04 | Build | House |
| 0:05 | Build | House |
| 0:14 | Research | Loom |
| 0:50 | Build | Palisade Wall |
| 0:57 | Create | Villager (Male) |
| 0:57 | Create | Villager (Male) |
| 1:28 | Create | Villager (Male) |
| 2:10 | Build | Lumber Camp |
| 2:11 | Create | Villager (Male) |
| 2:38 | Create | Villager (Male) |
| 3:15 | Create | Villager (Male) |
| 3:34 | Create | Villager (Male) |
| 4:05 | Create | Villager (Male) |
| 4:13 | Build | House |
| 4:29 | Create | Villager (Male) |
| 4:30 | Create | Villager (Male) |
| 5:34 | Create | Villager (Male) |
| 5:34 | Create | Villager (Male) |
| 6:03 | Create | Villager (Male) |
| 6:04 | Create | Villager (Male) |
| 6:11 | Build | House |
| 6:23 | Create | Villager (Male) |
| 7:08 | Create | Villager (Male) |
| 7:45 | Build | Dock |
| 7:55 | Create | Villager (Male) |
| 8:27 | Research | Feudal Age |
| 8:36 | Create | Fishing Ship |
| 9:03 | Build | House |
| 9:06 | Create | Villager (Male) |
| 9:10 | Create | Fishing Ship |
| 9:22 | Create | Fishing Ship |
| 10:08 | Build | Lumber Camp |
| 10:21 | Create | Villager (Male) |
| 10:33 | Create | Fishing Ship |
| 10:39 | Age | Feudal Age |
| 10:44 | Build | Stone Wall |
| 10:49 | Build | Stone Wall |
| 10:51 | Build | Stone Wall |
| 10:57 | Build | Stone Wall |
| 11:03 | Build | Stone Wall |
| 11:06 | Create | Villager (Male) |
| 11:18 | Build | Watch Tower |
| 11:25 | Build | Stone Wall |
| 11:42 | Create | Villager (Male) |
| 11:47 | Create | Fishing Ship |
| 11:47 | Create | Fishing Ship |
| 11:58 | Build | House |
| 12:05 | Build | Mill |
| 12:29 | Create | Villager (Male) |
| 12:29 | Create | Villager (Male) |
| 12:45 | Build | Mining Camp |
| 13:12 | Create | Fishing Ship |
| 13:35 | Build | House |
| 13:42 | Create | Villager (Male) |
| 13:43 | Create | Villager (Male) |
| 14:01 | Build | Market |
| 14:16 | Create | Fishing Ship |
| 14:36 | Create | Fishing Ship |
| 14:50 | Build | Blacksmith |
| 14:52 | Create | Villager (Male) |
| 15:10 | Build | House |
| 15:18 | Create | Villager (Male) |
| 15:37 | Create | Fishing Ship |
| 15:46 | Build | Dock |
| 16:17 | Create | Villager (Male) |
| 16:25 | Build | Barracks |
| 16:37 | Research | Tech 906 |
| 16:44 | Research | Castle Age |
| 16:44 | Research | Castle Age |
| 16:48 | Build | House |
| 16:49 | Build | House |
| 17:03 | Research | Double-Bit Axe |
| 17:13 | Build | Archery Range |
| 18:12 | Build | House |
| 18:13 | Build | House |
| 18:56 | Create | Fishing Ship |
| 18:59 | Create | Fishing Ship |
| 18:59 | Create | Fishing Ship |
| 19:08 | Build | Fish Trap |
| 19:12 | Build | Fish Trap |
| 19:15 | Build | Fish Trap |
| 19:18 | Build | Fish Trap |
| 19:24 | Age | Castle Age |
| 19:24 | Build | Fish Trap |
| 19:29 | Create | Cavalry Archer |
| 19:29 | Create | Cavalry Archer |
| 19:37 | Create | Villager (Male) |
| 19:45 | Build | Mining Camp |
| 19:55 | Build | Gate |
| 20:09 | Create | Villager (Male) |
| 20:12 | Research | Fletching |
| 20:12 | Research | Fletching |
| 20:13 | Research | Padded Archer Armor |
| 20:14 | Create | Villager (Male) |
| 20:20 | Create | Villager (Male) |
| 20:21 | Create | Villager (Male) |
| 21:11 | Create | Villager (Male) |
| 21:11 | Create | Villager (Male) |
| 21:12 | Create | Villager (Male) |
| 21:21 | Build | Town Center |
| 21:32 | Create | Cavalry Archer |
| 21:32 | Create | Cavalry Archer |
| 21:33 | Create | Villager (Male) |
| 21:41 | Research | Tech 906 |
| 21:44 | Create | Villager (Male) |
| 21:44 | Create | Villager (Male) |
| 21:45 | Create | Villager (Male) |
| 21:59 | Research | Bow Saw |
| 22:30 | Create | Villager (Male) |
| 22:31 | Create | Villager (Male) |
| 22:36 | Build | Town Center |
| 22:41 | Create | Villager (Male) |
| 22:41 | Create | Villager (Male) |
| 22:42 | Create | Villager (Male) |
| 22:47 | Build | Archery Range |
| 22:50 | Create | Cavalry Archer |
| 22:50 | Create | Cavalry Archer |
| 22:52 | Create | Villager (Male) |
| 22:52 | Create | Villager (Male) |
| 23:06 | Build | Lumber Camp |
| 23:12 | Create | Villager (Male) |
| 23:13 | Create | Villager (Male) |
| 23:26 | Create | Villager (Male) |
| 23:34 | Research | Bodkin Arrow |
| 23:34 | Research | Bodkin Arrow |
| 23:44 | Build | Fish Trap |
| 23:49 | Build | Fish Trap |
| 23:51 | Build | Fish Trap |
| 23:52 | Build | Fish Trap |
| 23:54 | Build | Fish Trap |
| 23:56 | Build | Fish Trap |
| 24:02 | Create | Villager (Male) |
| 24:03 | Create | Villager (Male) |
| 24:14 | Build | House |
| 24:16 | Build | House |
| 24:17 | Build | House |
| 24:17 | Build | House |
| 24:18 | Build | House |
| 24:19 | Build | House |
| 24:22 | Create | Villager (Male) |
| 25:19 | Create | Cavalry Archer ×5 |
| 25:19 | Create | Cavalry Archer ×3 |
| 25:21 | Create | Villager (Male) |
| 25:22 | Create | Villager (Male) |
| 25:28 | Build | Farm |
| 25:29 | Build | Farm |
| 25:30 | Build | Farm |
| 25:31 | Build | Farm |
Build order — cowboy
First 150 of 589 actions detected
| 0:01 | Create | Villager (Male) |
| 0:01 | Create | Villager (Male) |
| 0:01 | Create | Villager (Male) |
| 0:03 | Build | House |
| 0:05 | Build | House |
| 0:50 | Create | Villager (Male) |
| 0:50 | Create | Villager (Male) |
| 1:33 | Create | Villager (Male) |
| 1:52 | Build | Lumber Camp |
| 1:59 | Create | Villager (Male) |
| 2:23 | Create | Villager (Male) |
| 3:08 | Create | Villager (Male) |
| 3:08 | Create | Villager (Male) |
| 3:08 | Create | Villager (Male) |
| 3:50 | Create | Villager (Male) |
| 3:51 | Create | Villager (Male) |
| 4:24 | Create | Villager (Male) |
| 4:24 | Create | Villager (Male) |
| 4:25 | Research | Loom |
| 4:28 | Build | House |
| 4:39 | Create | Villager (Male) |
| 4:40 | Create | Villager (Male) |
| 4:40 | Create | Villager (Male) |
| 4:59 | Build | House |
| 5:10 | Create | Villager (Male) |
| 5:10 | Create | Villager (Male) |
| 5:10 | Create | Villager (Male) |
| 5:10 | Create | Villager (Male) |
| 5:38 | Create | Villager (Male) |
| 6:26 | Create | Villager (Male) |
| 6:27 | Create | Villager (Male) |
| 6:27 | Create | Villager (Male) |
| 6:27 | Create | Villager (Male) |
| 6:51 | Create | Villager (Male) |
| 6:56 | Build | Mill |
| 7:16 | Create | Villager (Male) |
| 7:16 | Create | Villager (Male) |
| 8:04 | Create | Villager (Male) |
| 8:05 | Create | Villager (Male) |
| 8:32 | Build | Mining Camp |
| 8:42 | Research | Feudal Age |
| 10:17 | Build | Farm |
| 10:19 | Build | Farm |
| 10:22 | Build | Farm |
| 10:24 | Build | Farm |
| 10:30 | Build | House |
| 10:35 | Build | House |
| 10:36 | Build | House |
| 10:44 | Create | Villager (Male) |
| 10:44 | Create | Villager (Male) |
| 10:53 | Age | Feudal Age |
| 11:21 | Create | Villager (Male) |
| 12:09 | Build | Market |
| 12:12 | Create | Villager (Male) |
| 12:13 | Create | Villager (Male) |
| 12:13 | Create | Villager (Male) |
| 12:46 | Build | Dock |
| 13:14 | Build | Blacksmith |
| 13:18 | Create | Villager (Male) |
| 13:39 | Research | Castle Age |
| 13:42 | Research | Double-Bit Axe |
| 14:14 | Build | House |
| 14:16 | Build | House |
| 14:18 | Create | Fishing Ship |
| 14:18 | Create | Fishing Ship |
| 14:28 | Research | Horse Collar |
| 14:50 | Build | House |
| 14:59 | Create | Fishing Ship |
| 15:40 | Create | Fishing Ship |
| 16:06 | Create | Villager (Male) |
| 16:06 | Create | Villager (Male) |
| 16:09 | Age | Castle Age |
| 16:11 | Build | Town Center |
| 16:42 | Build | Town Center |
| 16:45 | Create | Villager (Male) |
| 16:45 | Create | Villager (Male) |
| 16:46 | Create | Villager (Male) |
| 17:31 | Create | Villager (Male) |
| 17:32 | Create | Villager (Male) |
| 17:40 | Build | Siege Workshop |
| 17:47 | Build | Siege Workshop |
| 17:50 | Build | House |
| 17:53 | Build | House |
| 18:34 | Create | Villager (Male) |
| 18:35 | Research | Wheelbarrow |
| 18:37 | Create | Villager (Male) |
| 18:37 | Create | Villager (Male) |
| 18:37 | Create | Villager (Male) |
| 18:37 | Create | Villager (Male) |
| 18:38 | Create | Villager (Male) |
| 18:38 | Create | Villager (Male) |
| 18:38 | Create | Villager (Male) |
| 18:38 | Create | Villager (Male) |
| 18:39 | Create | Mangonel |
| 18:47 | Create | Scorpion |
| 18:54 | Build | University |
| 19:00 | Create | Villager (Male) |
| 19:00 | Create | Villager (Male) |
| 19:00 | Create | Villager (Male) |
| 19:01 | Create | Villager (Male) |
| 19:01 | Create | Villager (Male) |
| 19:10 | Create | Scorpion |
| 19:44 | Build | Town Center |
| 20:09 | Create | Villager (Male) |
| 20:09 | Create | Villager (Male) |
| 20:31 | Create | Villager (Male) |
| 20:36 | Create | Villager (Male) |
| 21:04 | Build | Monastery |
| 21:16 | Create | Scorpion |
| 21:23 | Create | Monk |
| 21:30 | Create | Villager (Male) |
| 21:39 | Build | Farm |
| 21:41 | Build | Farm |
| 21:41 | Build | Farm |
| 21:41 | Build | Farm |
| 21:41 | Build | Farm |
| 21:42 | Build | Farm |
| 21:42 | Build | Farm |
| 21:42 | Build | Farm |
| 21:46 | Build | Farm |
| 21:47 | Create | Villager (Male) |
| 21:54 | Create | Monk |
| 22:06 | Build | House |
| 22:06 | Build | House |
| 22:07 | Build | House |
| 22:07 | Build | House |
| 22:07 | Build | House |
| 22:19 | Create | Scorpion |
| 22:20 | Create | Scorpion |
| 22:28 | Create | Villager (Male) |
| 22:28 | Create | Villager (Male) |
| 22:40 | Research | Ballistics |
| 23:20 | Create | Villager (Male) |
| 23:20 | Create | Villager (Male) |
| 23:20 | Create | Villager (Male) |
| 23:21 | Create | Villager (Male) |
| 23:36 | Build | Castle |
| 23:37 | Build | Farm |
| 23:38 | Build | Farm |
| 23:38 | Build | Farm |
| 23:38 | Build | Farm |
| 23:38 | Build | Farm |
| 23:39 | Build | Farm |
| 23:39 | Build | Farm |
| 23:39 | Build | Farm |
| 23:39 | Build | Farm |
| 23:39 | Build | Farm |
| 23:40 | Build | Farm |
| 23:40 | Build | Farm |
| 23:40 | Build | Farm |
Match timeline
| 0:50 | FryCaptain · wall_segment Palisade Wall x12 |
| 1:51 | PsyBorg · wall_segment Palisade Wall x1 |
| 2:00 | PsyBorg · wall_segment Palisade Wall x12 |
| 4:42 | Luminance · wall_segment Palisade Wall x7 |
| 4:49 | Sony Toprano · first_building Dock |
| 4:58 | Luminance · wall_segment Palisade Wall x1 |
| 5:10 | 狂000 · wall_segment Palisade Wall x1 |
| 5:42 | Persis · wall_segment Palisade Wall x8 |
| 5:48 | Luminance · wall_segment Palisade Wall x8 |
| 5:49 | WolfGod · first_building Dock |
| 5:53 | Luminance · wall_segment Palisade Wall x10 |
| 7:29 | Sony Toprano · wall_segment Palisade Wall x1 |
| 7:31 | Sony Toprano · wall_segment Palisade Wall x1 |
| 7:45 | FryCaptain · first_building Dock |
| 7:53 | PsyBorg · first_building Barracks |
| 7:57 | Sony Toprano · wall_segment Palisade Wall x7 |
| 7:59 | Persis · wall_segment Palisade Wall x1 |
| 8:05 | Persis · wall_segment Palisade Wall x1 |
| 8:18 | Persis · wall_segment Palisade Wall x1 |
| 8:56 | Luminance · first_building Dock |
| 9:10 | 狂000 · first_building Barracks |
| 10:04 | Persis · wall_segment Palisade Wall x1 |
| 10:28 | Luminance · wall_segment Palisade Wall x10 |
| 10:32 | 狂000 · age_up feudal |
| 10:34 | 狂000 · first_building Archery Range |
| 10:35 | PsyBorg · age_up feudal |
| 10:39 | FryCaptain · age_up feudal |
| 10:44 | FryCaptain · wall_segment Stone Wall x1 |
| 10:49 | FryCaptain · wall_segment Stone Wall x1 |
| 10:51 | FryCaptain · wall_segment Stone Wall x1 |
| 10:53 | cowboy · age_up feudal |
| 10:54 | Persis · wall_segment Palisade Wall x10 |
| 10:57 | FryCaptain · wall_segment Stone Wall x6 |
| 10:57 | Sony Toprano · wall_segment Palisade Wall x8 |
| 11:03 | FryCaptain · wall_segment Stone Wall x4 |
| 11:25 | FryCaptain · wall_segment Stone Wall x1 |
| 11:33 | PsyBorg · wall_segment Stone Wall x2 |
| 11:36 | PsyBorg · wall_segment Stone Wall x13 |
| 12:46 | 狂000 · wall_segment Palisade Wall x1 |
| 12:46 | cowboy · first_building Dock |
| 12:48 | Luminance · wall_segment Palisade Wall x12 |
| 12:49 | 狂000 · wall_segment Palisade Wall x1 |
| 12:52 | 狂000 · wall_segment Palisade Wall x1 |
| 12:56 | PsyBorg · wall_segment Stone Wall x1 |
| 13:02 | PsyBorg · wall_segment Stone Wall x1 |
| 13:04 | Sony Toprano · age_up feudal |
| 13:47 | WolfGod · age_up feudal |
| 13:47 | Persis · wall_segment Palisade Wall x1 |
| 14:03 | Luminance · age_up feudal |
| 14:09 | 狂000 · age_up castle |
| 14:13 | 狂000 · first_building Siege Workshop |
| 14:14 | Persis · wall_segment Palisade Wall x1 |
| 14:20 | Persis · wall_segment Palisade Wall x1 |
| 14:57 | Persis · age_up feudal |
| 15:55 | FryCaptain · first_market_sell 100 wood |
| 16:09 | cowboy · age_up castle |
| 16:25 | FryCaptain · first_building Barracks |
| 16:53 | PsyBorg · first_market_buy 100 food |
| 16:58 | Sony Toprano · age_up castle |
| 17:00 | Persis · wall_segment Stone Wall x1 |
| 17:06 | Persis · wall_segment Stone Wall x8 |
| 17:13 | FryCaptain · first_building Archery Range |
| 17:16 | PsyBorg · wall_segment Stone Wall x15 |
| 17:40 | cowboy · first_building Siege Workshop |
| 17:58 | WolfGod · age_up castle |
| 18:08 | Persis · first_market_sell 100 food |
| 18:12 | Luminance · first_building Barracks |
| 18:49 | WolfGod · first_market_buy 100 wood |
| 18:54 | 狂000 · first_building Stable |
| 19:03 | Sony Toprano · first_building Monastery |
| 19:17 | Luminance · age_up castle |
| 19:23 | Persis · wall_segment Stone Wall x8 |
| 19:24 | FryCaptain · age_up castle |
| 19:24 | Luminance · first_market_buy 100 wood |
| 19:28 | Luminance · first_building Siege Workshop |
| 19:34 | PsyBorg · age_up castle |
| 19:37 | PsyBorg · first_building Castle |
| 19:42 | FryCaptain · first_market_buy 100 stone |
| 20:11 | 狂000 · wall_segment Palisade Wall x1 |
| 20:12 | 狂000 · wall_segment Palisade Wall x1 |
| 20:43 | Persis · age_up castle |
| 20:44 | Persis · first_building Siege Workshop |
| 20:53 | Sony Toprano · first_market_sell 100 food |
| 20:54 | Sony Toprano · first_market_buy 100 stone |
| 20:59 | Persis · first_market_buy 100 stone |
| 21:04 | cowboy · first_building Monastery |
| 21:08 | PsyBorg · first_market_sell 100 wood |
| 21:37 | Persis · first_building Castle |
| 22:14 | Luminance · wall_segment Stone Wall x5 |
| 22:15 | Luminance · wall_segment Stone Wall x8 |
| 23:17 | PsyBorg · first_building Siege Workshop |
| 23:21 | Luminance · wall_segment Stone Wall x1 |
| 23:24 | Luminance · first_market_sell 100 wood |
| 23:31 | Luminance · wall_segment Stone Wall x4 |
| 23:35 | Luminance · wall_segment Stone Wall x5 |
| 23:36 | Luminance · wall_segment Stone Wall x3 |
| 23:36 | cowboy · first_building Castle |
| 23:42 | Luminance · wall_segment Palisade Wall x1 |
| 24:33 | Luminance · wall_segment Stone Wall x1 |
| 24:35 | Luminance · wall_segment Stone Wall x1 |
| 24:39 | Luminance · wall_segment Stone Wall x1 |
| 24:40 | cowboy · first_market_sell 100 wood |
| 24:40 | cowboy · first_market_buy 100 stone |
| 24:43 | Sony Toprano · wall_segment Stone Wall x12 |
| 25:25 | Sony Toprano · first_building Barracks |
| 26:01 | FryCaptain · first_building Stable |
| 26:04 | Sony Toprano · first_building Stable |
| 26:26 | WolfGod · wall_segment Stone Wall x14 |
| 26:28 | cowboy · wall_segment Palisade Wall x1 |
| 26:29 | cowboy · wall_segment Palisade Wall x1 |
| 26:31 | cowboy · wall_segment Palisade Wall x1 |
| 26:32 | cowboy · wall_segment Palisade Wall x1 |
| 26:34 | cowboy · wall_segment Palisade Wall x1 |
| 26:36 | cowboy · wall_segment Palisade Wall x1 |
| 26:43 | cowboy · wall_segment Palisade Wall x1 |
| 26:44 | cowboy · wall_segment Palisade Wall x1 |
| 26:46 | cowboy · wall_segment Palisade Wall x1 |
| 26:49 | cowboy · wall_segment Palisade Wall x1 |
| 27:00 | 狂000 · first_market_buy 100 stone |
| 27:24 | WolfGod · first_building Monastery |
| 27:52 | Sony Toprano · age_up imperial |
| 28:12 | Sony Toprano · first_building Castle |
| 28:23 | 狂000 · first_building Monastery |
| 28:51 | WolfGod · first_building Castle |
| 28:55 | Luminance · wall_segment Stone Wall x1 |
| 29:21 | Sony Toprano · first_building Siege Workshop |
| 29:45 | FryCaptain · first_building Monastery |
| 30:07 | WolfGod · first_building Siege Workshop |
| 30:14 | Luminance · wall_segment Stone Wall x1 |
| 30:48 | WolfGod · first_building Barracks |
| 31:15 | WolfGod · age_up imperial |
| 32:43 | Luminance · first_building Stable |
| 33:04 | PsyBorg · wall_segment Stone Wall x11 |
| 33:06 | PsyBorg · wall_segment Stone Wall x1 |
| 33:18 | Luminance · first_building Castle |
| 33:41 | 狂000 · wall_segment Stone Wall x8 |
| 34:26 | Luminance · wall_segment Stone Wall x1 |
| 34:27 | Luminance · wall_segment Stone Wall x1 |
| 34:28 | Persis · first_building Barracks |
| 34:43 | FryCaptain · age_up imperial |
| 35:05 | FryCaptain · first_building Castle |
| 35:24 | FryCaptain · wall_segment Stone Wall x2 |
| 35:36 | PsyBorg · wall_segment Stone Wall x2 |
| 35:45 | Luminance · age_up imperial |
| 36:03 | 狂000 · age_up imperial |
| 36:32 | Persis · first_building Monastery |
| 37:09 | 狂000 · first_market_sell 500 stone |
| 38:03 | cowboy · age_up imperial |
| 38:20 | Persis · wall_segment Stone Wall x1 |
| 39:58 | PsyBorg · wall_segment Stone Wall x4 |
| 40:01 | PsyBorg · wall_segment Stone Wall x5 |
| 40:01 | PsyBorg · wall_segment Stone Wall x1 |
| 40:02 | PsyBorg · wall_segment Stone Wall x1 |
| 40:15 | Persis · wall_segment Stone Wall x1 |
| 40:28 | Persis · wall_segment Stone Wall x1 |
| 40:32 | Persis · wall_segment Stone Wall x1 |
| 40:37 | Persis · wall_segment Stone Wall x1 |
| 40:41 | Persis · wall_segment Stone Wall x1 |
| 40:51 | Persis · wall_segment Stone Wall x1 |
| 41:48 | WolfGod · wall_segment Stone Wall x15 |
| 43:09 | Luminance · first_building Archery Range |
| 44:18 | Luminance · tribute_sent a jugador 1 |
| 44:18 | Luminance · tribute_sent a jugador 2 |
| 44:18 | Luminance · tribute_sent a jugador 4 |
| 44:18 | Luminance · tribute_sent a jugador 5 |
| 44:18 | Luminance · tribute_sent a jugador 6 |
| 44:18 | Luminance · tribute_sent a jugador 7 |
| 44:18 | Luminance · tribute_sent a jugador 8 |
| 44:22 | 狂000 · wall_segment Stone Wall x9 |
| 44:25 | PsyBorg · wall_segment Stone Wall x11 |
| 44:32 | cowboy · tribute_sent a jugador 1 |
| 44:32 | cowboy · tribute_sent a jugador 2 |
| 44:32 | cowboy · tribute_sent a jugador 3 |
| 44:32 | cowboy · tribute_sent a jugador 4 |
| 44:32 | cowboy · tribute_sent a jugador 5 |
| 44:32 | cowboy · tribute_sent a jugador 6 |
| 44:32 | cowboy · tribute_sent a jugador 8 |
| 44:39 | 狂000 · wall_segment Stone Wall x11 |
| 44:50 | 狂000 · wall_segment Stone Wall x6 |
| 45:15 | 狂000 · wall_segment Stone Wall x9 |
| 45:18 | PsyBorg · wall_segment Stone Wall x3 |
| 45:36 | PsyBorg · wall_segment Stone Wall x9 |
| 45:38 | PsyBorg · wall_segment Stone Wall x8 |
| 45:41 | PsyBorg · wall_segment Stone Wall x4 |
| 45:42 | 狂000 · wall_segment Stone Wall x10 |
| 45:43 | 狂000 · wall_segment Stone Wall x1 |
| 46:17 | 狂000 · wall_segment Stone Wall x1 |
| 46:20 | 狂000 · wall_segment Stone Wall x1 |
| 46:21 | 狂000 · wall_segment Stone Wall x1 |
| 46:24 | 狂000 · wall_segment Stone Wall x2 |
| 46:25 | PsyBorg · wall_segment Stone Wall x10 |
| 46:27 | 狂000 · wall_segment Stone Wall x1 |
| 46:30 | 狂000 · wall_segment Stone Wall x1 |
| 46:32 | 狂000 · wall_segment Stone Wall x1 |
| 46:34 | 狂000 · wall_segment Stone Wall x1 |
| 46:42 | 狂000 · wall_segment Stone Wall x1 |
| 46:43 | 狂000 · wall_segment Stone Wall x1 |
| 46:47 | 狂000 · wall_segment Stone Wall x6 |
| 46:49 | 狂000 · wall_segment Stone Wall x3 |
| 47:17 | 狂000 · resign |
| 47:35 | PsyBorg · wall_segment Stone Wall x8 |
| 47:53 | Luminance · tribute_sent a jugador 1 |
| 47:53 | Luminance · tribute_sent a jugador 2 |
| 47:53 | Luminance · tribute_sent a jugador 4 |
| 47:53 | Luminance · tribute_sent a jugador 5 |
| 47:53 | Luminance · tribute_sent a jugador 6 |
| 47:53 | Luminance · tribute_sent a jugador 7 |
| 47:53 | Luminance · tribute_sent a jugador 8 |
| 47:55 | Sony Toprano · tribute_sent a jugador 1 |
| 47:55 | Sony Toprano · tribute_sent a jugador 2 |
| 47:55 | Sony Toprano · tribute_sent a jugador 3 |
| 47:55 | Sony Toprano · tribute_sent a jugador 4 |
| 47:55 | Sony Toprano · tribute_sent a jugador 5 |
| 47:55 | Sony Toprano · tribute_sent a jugador 6 |
| 47:55 | Sony Toprano · tribute_sent a jugador 7 |
[ AI ANALYSIS · 1 CREDIT ]
What really happened in this match?
Wolo.gg analyzes every decision: build order, eco, micro, common mistakes by bracket. Personalized analysis on WhatsApp or Discord in 30 seconds.
Civ guide
Malay
Perfil
Jugador #755513